| TOP OF THE 1ST |
|
Charlotte Hornets batting - Pitching for Montgomery Rebels : RHP Ricardo Posada
|
|
Pitching: RHP Ricardo Posada
|
|
|
Batting: RHB Richard Bass
|
0-0: Foul Ball, location: 2F 0-1: Ball 1-1: Called Strike 1-2: Ball 2-2: Foul Ball, location: 2F 2-2: Ground out 6-3 (Groundball, 6, EV 86.3 MPH)
|
|
Batting: RHB Tom Romano
|
0-0: Fly out, F7 (Line Drive, 7D, EV 101.9 MPH)
|
|
Batting: RHB Ron Johnson
|
0-0: Ground out 4-3 (Groundball, 4, EV 100.0 MPH)
|
| Top of the 1st over - 0 runs, 0 hits, 0 errors, 0 left on base; Charlotte 0 - Montgomery 0 |
| BOTTOM OF THE 1ST |
|
Montgomery Rebels batting - Pitching for Charlotte Hornets : RHP Freddy Medina
|
|
Pitching: RHP Freddy Medina
|
|
|
Batting: LHB Oscar Ramirez
|
0-0: Swinging Strike 0-1: Swinging Strike 0-2: Fly out, F7 (Line Drive, 7, EV 110.6 MPH)
|
|
Batting: RHB Greg Tabor
|
0-0: Called Strike 0-1: Ball 1-1: Ball 2-1: Called Strike 2-2: Ball 3-2: Base on Balls
|
|
Batting: LHB Joe Orsulak
|
0-0: Ball 1-0: SINGLE (Line Drive, 8LS, EV 88.8 MPH) Greg Tabor to second Runner from 2nd tries for 3rd, SAFE, throw by CF made to third
|
|
Batting: RHB Joseph Scherger
|
0-0: Ball 1-0: Called Strike 1-1: Ball 2-1: Ball 3-1: Grounds into double play, 4-6-3 (Groundball, 4, EV 103.1 MPH)
|
| Bottom of the 1st over - 0 runs, 1 hit, 0 errors, 1 left on base; Charlotte 0 - Montgomery 0 |
| TOP OF THE 2ND |
|
Charlotte Hornets batting - Pitching for Montgomery Rebels : RHP Ricardo Posada
|
|
Batting: LHB Jesus Diaz
|
0-0: Called Strike 0-1: Ball 1-1: Ball 2-1: Ground out U3 (Groundball, 3, EV 98.8 MPH)
|
|
Batting: RHB Juan Bonilla
|
0-0: Called Strike 0-1: Called Strike 0-2: Fly out, F8 (Line Drive, 8LD, EV 99.4 MPH)
|
|
Batting: LHB Steve Macko
|
0-0: Fly out, F7 (Flyball, 7LS, EV 87.5 MPH)
|
| Top of the 2nd over - 0 runs, 0 hits, 0 errors, 0 left on base; Charlotte 0 - Montgomery 0 |
| BOTTOM OF THE 2ND |
|
Montgomery Rebels batting - Pitching for Charlotte Hornets : RHP Freddy Medina
|
|
Batting: LHB Mark Bingham
|
0-0: Ball 1-0: Called Strike 1-1: Ground out 3-1 (Groundball, 34, EV 103.8 MPH)
|
|
Batting: LHB Robert Wing
|
0-0: Swinging Strike 0-1: Called Strike 0-2: Ball 1-2: Ball 2-2: Ball 3-2: Foul Ball, location: 2F 3-2: Strikes out swinging
|
|
Batting: LHB Ronald Naclerio
|
0-0: Ground out 4-3 (Groundball, 4, EV 102.5 MPH)
|
| Bottom of the 2nd over - 0 runs, 0 hits, 0 errors, 0 left on base; Charlotte 0 - Montgomery 0 |
| TOP OF THE 3RD |
|
Charlotte Hornets batting - Pitching for Montgomery Rebels : RHP Ricardo Posada
|
|
Batting: RHB Barry Lyons
|
0-0: Ball 1-0: Ball 2-0: Swinging Strike 2-1: Foul Ball, location: 2F 2-2: Foul Ball, location: 2F 2-2: Foul Ball, location: 2F 2-2: Ball 3-2: Base on Balls
|
|
Batting: RHB John O'Rear
|
0-0: Swinging Strike 0-1: Ball 1-1: Ball 2-1: Ball 3-1: Called Strike 3-2: Strikes out swinging
|
|
Batting: RHB Mickey Klutts
|
0-0: Called Strike 0-1: Foul Ball, location: 2F 0-2: Foul Ball, location: 2F 0-2: Strikes out swinging
|
|
Batting: RHB Richard Bass
|
0-0: Called Strike 0-1: Swinging Strike 0-2: Ball 1-2: Ball 2-2: Ball 3-2: Foul Ball, location: 2F 3-2: Foul Ball, location: 2F 3-2: Fly out, F4 (Popup, 34, EV 67.5 MPH)
|
| Top of the 3rd over - 0 runs, 0 hits, 0 errors, 1 left on base; Charlotte 0 - Montgomery 0 |
| BOTTOM OF THE 3RD |
|
Montgomery Rebels batting - Pitching for Charlotte Hornets : RHP Freddy Medina
|
|
Batting: RHB Joe Maddon
|
0-0: Called Strike 0-1: DOUBLE (Flyball, 78D, EV 91.9 MPH)
|
|
Batting: RHB Nario Campione
|
0-0: Ball 1-0: Foul Ball, location: 2F 1-1: Ball 2-1: Ball 3-1: Base on Balls
|
|
Batting: LHB Oscar Ramirez
|
0-0: Called Strike 0-1: Ball Wild Pitch! Joe Maddon to third Nario Campione to second 1-1: Foul Ball, location: 2F 1-2: Ball 2-2: Strikes out looking
|
|
Batting: RHB Greg Tabor
|
0-0: Ball 1-0: SINGLE (Line Drive, 3D, EV 98.8 MPH) Joe Maddon scores Nario Campione to third Runner from 3rd tries for Home, SAFE, throw by RF to home
|
|
Batting: LHB Joe Orsulak
|
0-0: Ball 1-0: Called Strike 1-1: Ball 2-1: Ball 3-1: Base on Balls Greg Tabor to second
|
|
Batting: RHB Joseph Scherger
|
0-0: Ball 1-0: Ball 2-0: TRIPLE (Line Drive, 9LD, EV 111.3 MPH) Greg Tabor scores Joe Orsulak scores
|
|
Batting: LHB Mark Bingham
|
0-0: Ball 1-0: Called Strike 1-1: Ball 2-1: Called Strike 2-2: Ball 3-2: Foul Ball, location: 2F 3-2: Strikes out looking
|
|
Batting: LHB Robert Wing
|
0-0: Called Strike 0-1: Swinging Strike 0-2: Ground out 5-3 (Groundball, 56S, EV 85.0 MPH)
|
| Bottom of the 3rd over - 4 runs, 3 hits, 0 errors, 1 left on base; Charlotte 0 - Montgomery 4 |
| TOP OF THE 4TH |
|
Charlotte Hornets batting - Pitching for Montgomery Rebels : RHP Ricardo Posada
|
|
Batting: RHB Tom Romano
|
0-0: Swinging Strike 0-1: Swinging Strike 0-2: Strikes out looking
|
|
Batting: RHB Ron Johnson
|
0-0: Called Strike 0-1: Ball 1-1: Swinging Strike 1-2: Foul Ball, location: 2F 1-2: Strikes out looking
|
|
Batting: LHB Jesus Diaz
|
0-0: Swinging Strike 0-1: Ground out 4-3 (Groundball, 4, EV 90.6 MPH)
|
| Top of the 4th over - 0 runs, 0 hits, 0 errors, 0 left on base; Charlotte 0 - Montgomery 4 |
| BOTTOM OF THE 4TH |
|
Montgomery Rebels batting - Pitching for Charlotte Hornets : RHP Freddy Medina
|
|
Batting: LHB Ronald Naclerio
|
0-0: Foul Ball, location: 2F 0-1: Foul Ball, location: 2F 0-2: Ball 1-2: Ball 2-2: Ball 3-2: SINGLE (Line Drive, 8RS, EV 105.0 MPH)
|
|
Batting: RHB Joe Maddon
|
0-0: Ball 1-0: Called Strike 1-1: Ball 2-1: Foul Ball, location: 2F 2-2: Foul Ball, location: 2F 2-2: Grounds into double play, 1-4-3 (Groundball, P, EV 72.5 MPH)
|
|
Batting: RHB Nario Campione
|
0-0: Foul Ball, location: 2F 0-1: Swinging Strike 0-2: Ball 1-2: Strikes out looking
|
| Bottom of the 4th over - 0 runs, 1 hit, 0 errors, 0 left on base; Charlotte 0 - Montgomery 4 |
| TOP OF THE 5TH |
|
Charlotte Hornets batting - Pitching for Montgomery Rebels : RHP Ricardo Posada
|
|
Batting: RHB Juan Bonilla
|
0-0: Called Strike 0-1: Foul Ball, location: 2F 0-2: Ball 1-2: Ball 2-2: Ball 3-2: Foul Ball, location: 2F 3-2: Foul Ball, location: 2F 3-2: Fly out, F8 (Flyball, 8LD, EV 99.4 MPH)
|
|
Pitching: LHP Tony Fossas
|
|
|
Batting: LHB Steve Macko
|
0-0: Ball 1-0: SINGLE (Line Drive, 89M, EV 105.0 MPH)
|
|
Batting: RHB Barry Lyons
|
0-0: Ball 1-0: Foul Ball, location: 2F 1-1: Ball 2-1: Foul Ball, location: 2F 2-2: Ball 3-2: Fly out, F9 (Flyball, 9LS, EV 82.5 MPH)
|
|
Batting: RHB John O'Rear
|
0-0: Fly out, F7 (Flyball, 7LM, EV 80.0 MPH)
|
| Top of the 5th over - 0 runs, 1 hit, 0 errors, 1 left on base; Charlotte 0 - Montgomery 4 |
| BOTTOM OF THE 5TH |
|
Montgomery Rebels batting - Pitching for Charlotte Hornets : RHP Freddy Medina
|
|
Batting: LHB Oscar Ramirez
|
0-0: Ball 1-0: Ball 2-0: Called Strike 2-1: Fly out, F8 (Line Drive, 8LD, EV 90.6 MPH)
|
|
Batting: RHB Greg Tabor
|
0-0: Ground out 6-3 (Groundball, 6, EV 85.0 MPH)
|
|
Batting: LHB Joe Orsulak
|
0-0: Called Strike 0-1: Ball 1-1: Foul Ball, location: 2F 1-2: Strikes out swinging
|
| Bottom of the 5th over - 0 runs, 0 hits, 0 errors, 0 left on base; Charlotte 0 - Montgomery 4 |
| TOP OF THE 6TH |
|
Charlotte Hornets batting - Pitching for Montgomery Rebels : LHP Tony Fossas
|
|
Batting: RHB Mickey Klutts
|
0-0: SINGLE (Groundball, 34D, EV 94.4 MPH)
|
|
Batting: RHB Richard Bass
|
0-0: Called Strike 0-1: Foul Ball, location: 2F 0-2: Ball 1-2: Foul Ball, location: 2F 1-2: SINGLE (Groundball, 56D, EV 106.3 MPH) Mickey Klutts to second
|
|
Batting: RHB Tom Romano
|
0-0: Ball 1-0: Ball 2-0: SINGLE (Line Drive, 9S, EV 88.1 MPH) Mickey Klutts to third Richard Bass to second
|
|
Batting: RHB Ron Johnson
|
0-0: Ball 1-0: Called Strike 1-1: Ball 2-1: Ball 3-1: Base on Balls Mickey Klutts scores Richard Bass to third Tom Romano to second
|
|
Batting: LHB Jesus Diaz
|
0-0: Ball 1-0: Ball 2-0: Foul Ball, location: 2F 2-1: Ball 3-1: SINGLE (Flyball, 6MD, EV 93.1 MPH) Richard Bass scores Tom Romano to third Ron Johnson to second Runner from 3rd tries for Home, SAFE, throw by CF to home
|
|
Pitching: RHP Randy Town
|
|
|
Batting: RHB Juan Bonilla
|
0-0: DOUBLE (Line Drive, 89D, EV 111.9 MPH) Ron Johnson scores Jesus Diaz to third
|
|
Batting: LHB Steve Macko
|
0-0: Ball 1-0: Ball 2-0: Swinging Strike 2-1: Swinging Strike 2-2: Ball 3-2: Foul Ball, location: 2F 3-2: Ground out 6-3 (Groundball, 56, EV 86.9 MPH)
|
|
Batting: RHB Barry Lyons
|
0-0: Swinging Strike 0-1: Fly out, F9 (Flyball, 89S, EV 88.8 MPH)
|
|
Batting: RHB John O'Rear
|
0-0: SINGLE (Groundball, 4MD, EV 109.4 MPH) Jesus Diaz scores Juan Bonilla to third Runner from 3rd tries for Home, SAFE, throw by CF to home
|
|
Batting: RHB Mickey Klutts
|
0-0: Foul Ball, location: 2F 0-1: Foul Ball, location: 2F 0-2: Ball John O'Rear steals 2nd base 1-2: Foul Ball, location: 2F 1-2: Ball 2-2: Strikes out swinging
|
| Top of the 6th over - 6 runs, 6 hits, 0 errors, 1 left on base; Charlotte 6 - Montgomery 4 |
| BOTTOM OF THE 6TH |
|
Montgomery Rebels batting - Pitching for Charlotte Hornets : RHP Freddy Medina
|
|
Batting: RHB Joseph Scherger
|
0-0: Ball 1-0: Called Strike 1-1: Called Strike 1-2: Ball 2-2: Ball 3-2: Ground out 3-1 (Groundball, 34, EV 100.0 MPH)
|
|
Batting: LHB Mark Bingham
|
0-0: SINGLE (Groundball, 56D, EV 97.5 MPH)
|
|
Batting: LHB Robert Wing
|
0-0: Ball 1-0: Ball 2-0: Ball 3-0: Called Strike 3-1: Called Strike 3-2: Foul Ball, location: 2F 3-2: Foul Ball, location: 2F 3-2: DOUBLE (Line Drive, 9LS, EV 113.1 MPH) Mark Bingham to third Mark Bingham scores
|
|
Pitching: RHP Roger Begue
|
|
|
Batting: LHB Ronald Naclerio
|
0-0: Called Strike 0-1: Foul Ball, location: 2F 0-2: Ball 1-2: Foul Ball, location: 2F 1-2: Ball 2-2: Foul Ball, location: 2F 2-2: Ball 3-2: Base on Balls
|
|
Batting: RHB Joe Maddon
|
0-0: Called Strike 0-1: Ball 1-1: Called Strike 1-2: Strikes out looking
|
|
Batting: RHB Nario Campione
|
0-0: Called Strike 0-1: Ground out U3 (Groundball, 34, EV 83.8 MPH)
|
| Bottom of the 6th over - 1 run, 2 hits, 0 errors, 2 left on base; Charlotte 6 - Montgomery 5 |
| TOP OF THE 7TH |
|
Charlotte Hornets batting - Pitching for Montgomery Rebels : RHP Randy Town
|
|
Batting: RHB Richard Bass
|
0-0: Swinging Strike 0-1: Ball 1-1: Called Strike 1-2: Strikes out swinging
|
|
Batting: RHB Tom Romano
|
0-0: Ball 1-0: Called Strike 1-1: Ball 2-1: Ball 3-1: Foul Ball, location: 2F 3-2: Foul Ball, location: 2F 3-2: Fly out, F8 (Line Drive, 8RM, EV 96.9 MPH)
|
|
Batting: RHB Ron Johnson
|
0-0: Swinging Strike 0-1: Foul Ball, location: 2F 0-2: Ground out 4-3 (Groundball, 4M, EV 105.0 MPH)
|
| Top of the 7th over - 0 runs, 0 hits, 0 errors, 0 left on base; Charlotte 6 - Montgomery 5 |
| BOTTOM OF THE 7TH |
|
Montgomery Rebels batting - Pitching for Charlotte Hornets : RHP Roger Begue
|
|
Batting: LHB Oscar Ramirez
|
0-0: Foul Ball, location: 2F 0-1: Ball 1-1: Swinging Strike 1-2: Ground out 4-3 (Groundball, 4S, EV 90.0 MPH)
|
|
Batting: RHB Greg Tabor
|
0-0: Foul Ball, location: 2F 0-1: Ball 1-1: Fly out, F9 (Flyball, 9D, EV 75.0 MPH)
|
|
Batting: LHB Joe Orsulak
|
0-0: Called Strike 0-1: Ball 1-1: Ground out U3 (Groundball, 3, EV 89.4 MPH)
|
| Bottom of the 7th over - 0 runs, 0 hits, 0 errors, 0 left on base; Charlotte 6 - Montgomery 5 |
| TOP OF THE 8TH |
|
Charlotte Hornets batting - Pitching for Montgomery Rebels : RHP Randy Town
|
|
Batting: LHB Jesus Diaz
|
0-0: Ball 1-0: Fly out, F6 (Flyball, 56D, EV 89.4 MPH)
|
|
Batting: RHB Juan Bonilla
|
0-0: Ball 1-0: Foul Ball, location: 2F 1-1: Swinging Strike 1-2: Fly out, F8 (Flyball, 8LD, EV 83.1 MPH)
|
|
Batting: LHB Steve Macko
|
0-0: Called Strike 0-1: Foul Ball, location: 2F 0-2: SINGLE (Line Drive, 4MD, EV 98.8 MPH)
|
|
Batting: RHB Barry Lyons
|
0-0: Called Strike 0-1: Ball 1-1: Ball 2-1: Ball 3-1: Called Strike 3-2: Ground out 4-3 (Groundball, 4M, EV 86.9 MPH)
|
| Top of the 8th over - 0 runs, 1 hit, 0 errors, 1 left on base; Charlotte 6 - Montgomery 5 |
| BOTTOM OF THE 8TH |
|
Montgomery Rebels batting - Pitching for Charlotte Hornets : RHP Roger Begue
|
|
Batting: RHB Joseph Scherger
|
0-0: Foul Ball, location: 2F 0-1: Ball 1-1: Foul Ball, location: 2F 1-2: Ball 2-2: Ball 3-2: SINGLE (Flyball, 8RXD, EV 93.8 MPH)
|
|
Pitching: RHP Jorge Solano
|
|
|
Batting: LHB Mark Bingham
|
0-0: DOUBLE (Flyball, 89XD, EV 110.6 MPH) Joseph Scherger to third
|
|
Pitching: LHP Juan Valdez
|
|
|
Pinch Hitting: RHB James Camacho
|
0-0: Fly out, F9 (Flyball, 9LD, EV 88.8 MPH) Runner from 3rd tags up, SCORES, no throw by RF Mark Bingham to third
|
|
Batting: LHB Ronald Naclerio
|
0-0: SINGLE (Groundball, 6M, EV 108.1 MPH) Mark Bingham scores
|
|
Batting: RHB Joe Maddon
|
0-0: Ball 1-0: Foul Ball, location: 2F 1-1: Called Strike 1-2: Ball 2-2: Ball 3-2: Strikes out swinging Ronald Naclerio is caught stealing 2nd base 2-4 Batter strikes out.
|
| Bottom of the 8th over - 2 runs, 3 hits, 0 errors, 0 left on base; Charlotte 6 - Montgomery 7 |
| TOP OF THE 9TH |
|
Charlotte Hornets batting - Pitching for Montgomery Rebels : RHP Randy Town
|
|
Pitching: LHP Chuck McMichael
|
|
|
Now at 1B: Michael Rogers
|
|
|
Pinch Hitting: RHB Mark M Corey
|
0-0: Ball 1-0: Called Strike 1-1: Ball 2-1: Ball 3-1: Foul Ball, location: 2F 3-2: Foul Ball, location: 2F 3-2: Ground out 4-3 (Groundball, 4MS, EV 70.0 MPH)
|
|
Batting: RHB Mickey Klutts
|
0-0: Called Strike 0-1: Ball 1-1: Swinging Strike 1-2: Ball 2-2: Foul Ball, location: 2F 2-2: Strikes out swinging
|
|
Batting: RHB Richard Bass
|
0-0: Swinging Strike 0-1: Ball 1-1: Fly out, F3 (Popup, 3SF, EV 74.4 MPH)
|
| Top of the 9th over - 0 runs, 0 hits, 0 errors, 0 left on base; Charlotte 6 - Montgomery 7 |
|